[Event "November 21 Early 2023"]
[Site "https://www.chess.com"]
[Date "2023.11.21"]
[Round "5"]
[White "Mikhailovsky, Vladimir"]
[Black "Priasmoro, Novendra"]
[Result "0-1"]
[Board "35"]
[TimeControl "180+1"]
[WhiteFideId "34105414"]
[BlackFideId "7105029"]
[WhiteElo "2257"]
[BlackElo "2412"]
[WhiteTeam "RUS"]
[BlackTeam "INA"]
[WhiteClock "0:00:00"]
[BlackClock "0:01:44"]

1. e4 c5 2. c3 d5 3. exd5 Qxd5 4. d4 Nf6 5. Nf3 e6 6. Na3 Nc6 7. Nb5 Qd8 8. Be3 a6 9. Na3 cxd4 10. Nxd4 Bxa3 11. Nxc6 Qc7 12. bxa3 Qxc6 13. Bd4 O-O 14. Be2 Qxg2 15. Bf3 Qg6 16. Kf1 e5 17. Rg1 Bh3+ 18. Ke2 Qf5 0-1

[Event "November 21 Early 2023"]
[Site "https://www.chess.com"]
[Date "2023.11.21"]
[Round "5"]
[White "Zakaryan, David"]
[Black "Gokerkan, Cem Kaan"]
[Result "1/2-1/2"]
[Board "36"]
[TimeControl "180+1"]
[WhiteFideId "24101923"]
[BlackFideId "6336760"]
[WhiteElo "2323"]
[BlackElo "2365"]
[WhiteTeam "RUS"]
[BlackTeam "TUR"]
[WhiteClock "0:00:21"]
[BlackClock "0:00:08"]

1. e4 c5 2. Nf3 d6 3. d4 cxd4 4. Nxd4 Nf6 5. Nc3 e5 6. Bb5+ Nbd7 7. Nf5 a6 8. Bxd7+ Qxd7 9. Ne3 Be7 10. Ned5 Nxd5 11. Nxd5 Bd8 12. Be3 O-O 13. O-O b5 14. Bb6 Bb7 15. Bxd8 Qxd8 16. c3 f5 17. exf5 Rxf5 18. Ne3 Rg5 19. f4 exf4 20. Rxf4 Qb6 21. Qd4 Qc6 22. Rg4 Rxg4 23. Qxg4 Re8 24. Re1 Qc5 25. Kf2 Re4 26. Qg3 b4 27. cxb4 Rxb4 28. b3 h6 29. Kg1 Re4 30. h3 d5 31. Kh2 d4 32. Nf1 Rxe1 33. Qxe1 Qc2 34. Qd2 Qe4 35. Kg1 Bd5 36. Ng3 Qe5 37. Nf1 Kf7 38. Nh2 Ke6 39. Ng4 Qe4 40. Nh2 Qb1+ 41. Kf2 Qf5+ 42. Nf3 Bxf3 43. gxf3 Qxh3 44. Qxd4 Qh2+ 45. Ke3 Qxa2 46. Qe4+ Kf6 47. Qf4+ Kg6 48. Qe4+ Kf6 49. Qf4+ Ke6 50. Qe4+ Kd6 51. Qd4+ Kc6 52. Qc4+ Kb6 53. Qb4+ Kc7 54. Qc5+ Kd7 55. Qd5+ Ke7 56. Qe5+ Kf8 57. Qd6+ Kg8 58. Qd8+ Kh7 59. Qd3+ Kg8 60. Qd8+ Kf7 61. Qd7+ Kg6 62. Qe6+ Kh7 63. Qf5+ Kg8 64. Qe6+ Kh7 65. Qf5+ Kg8 66. Qe6+ Kh7 1/2-1/2

[Event "November 21 Early 2023"]
[Site "https://www.chess.com"]
[Date "2023.11.21"]
[Round "5"]
[White "Sychev, Klementy"]
[Black "Tristan, Leonardo"]
[Result "0-1"]
[Board "37"]
[TimeControl "180+1"]
[WhiteFideId "4114060"]
[BlackFideId "113816"]
[WhiteElo "2583"]
[BlackElo "2483"]
[WhiteTeam "FID"]
[BlackTeam "ARG"]
[WhiteClock "0:00:07"]
[BlackClock "0:00:37"]

1. e4 d5 2. exd5 Qxd5 3. Nc3 Qa5 4. d4 Nf6 5. Nf3 Bf5 6. Bc4 e6 7. Bd2 Bb4 8. a3 Bxc3 9. Bxc3 Qb6 10. Qe2 O-O 11. Bb4 Re8 12. O-O Nc6 13. c3 Nxb4 14. axb4 a5 15. b5 c6 16. Ne5 h6 17. Kh1 Ne4 18. Bd3 Nd6 19. Bxf5 exf5 20. Qf3 Qxb5 21. Ra2 Qxf1# 0-1

[Event "November 21 Early 2023"]
[Site "https://www.chess.com"]
[Date "2023.11.21"]
[Round "5"]
[White "Krstulovic, Alex"]
[Black "Licznerski, Lukasz"]
[Result "0-1"]
[Board "38"]
[TimeControl "180+1"]
[WhiteFideId "760056"]
[BlackFideId "1179250"]
[WhiteElo "2311"]
[BlackElo "2436"]
[WhiteTeam "HUN"]
[BlackTeam "POL"]
[WhiteClock "0:00:00"]
[BlackClock "0:00:03"]

1. Nc3 d5 2. e3 Nf6 3. h3 c5 4. d3 e5 5. g4 Nc6 6. Bg2 Be6 7. Bd2 d4 8. Nce2 Bd6 9. Ng3 Nd5 10. N1e2 Qc7 11. Nf5 Rg8 12. Neg3 O-O-O 13. Ne4 Bf8 14. Ng5 Qd7 15. Qf3 g6 16. Ng3 Bh6 17. N3e4 Bxg5 18. Nxg5 f5 19. gxf5 gxf5 20. h4 h6 21. Nxe6 Qxe6 22. e4 Nde7 23. exf5 Nxf5 24. Bh3 Rdf8 25. O-O-O Kb8 26. Kb1 Qf6 27. Bxf5 Qxf5 28. Qxf5 Rxf5 29. Bxh6 Rh8 30. Bg7 Rh7 31. Rdg1 Rf7 32. Bxe5+ Nxe5 33. Rg5 Nd7 34. Rh2 Kc7 35. Kc1 Kd6 36. h5 Rf6 37. Kd2 Rfh6 38. Ke2 Nf6 39. Rf5 Nxh5 40. Rf7 Rxf7 41. f3 Nf4+ 0-1

[Event "November 21 Early 2023"]
[Site "https://www.chess.com"]
[Date "2023.11.21"]
[Round "5"]
[White "Diaz Perez, Michel Alejandro"]
[Black "Zakhartsov, Vladimir"]
[Result "0-1"]
[Board "39"]
[TimeControl "180+1"]
[WhiteFideId "3517179"]
[BlackFideId "4145097"]
[WhiteElo "2398"]
[BlackElo "2448"]
[WhiteTeam "CUB"]
[BlackTeam "RUS"]
[WhiteClock "0:00:56"]
[BlackClock "0:00:39"]

1. Nf3 c5 2. c4 Nc6 3. Nc3 Nf6 4. e3 e6 5. d4 d5 6. a3 a6 7. dxc5 Bxc5 8. b4 Ba7 9. Bb2 O-O 10. cxd5 exd5 11. Be2 d4 12. exd4 Nxd4 13. Nxd4 Bxd4 14. O-O Be6 15. Bf3 Rc8 16. Rc1 Bc4 17. Re1 Qb6 18. Qd2 Qa7 19. Ne4 Bxb2 20. Qxb2 Nxe4 21. Bxe4 b5 22. Rcd1 Rfe8 23. Bf5 Rcd8 24. h3 g6 25. Rxd8 Rxd8 26. Bg4 Qd4 27. Qxd4 Rxd4 28. Re8+ Kg7 29. Ra8 Rd6 30. Bc8 Rd1+ 31. Kh2 Rd2 32. Kg3 Rd3+ 33. f3 Rxa3 34. Rxa6 Rb3 35. Rb6 Rxb4 36. Ba6 Rb2 37. h4 Bf1 38. Kf4 Rxg2 39. Bc8 Bc4 40. Bd7 h6 41. Rb7 Rb2 42. Be8 b4 43. Bc6 Be6 44. Bd7 Bxd7 45. Rxd7 Rc2 46. Rb7 Rc4+ 47. Kg3 g5 48. hxg5 hxg5 49. Rb6 f6 50. Rb5 Kg6 51. Rb6 Rf4 52. Rb5 Kf7 53. Rb6 Ke7 54. Kg2 Kd7 55. Kf2 Kc7 56. Rb5 Kc6 57. Rb8 Kc5 58. Ke3 Kc4 59. Rc8+ Kb3 60. Rb8 Kb2 61. Rb6 b3 62. Rb8 Kc2 63. Rc8+ Kb1 64. Rb8 b2 65. Rb7 Ka2 66. Ra7+ Kb3 0-1

[Event "November 21 Early 2023"]
[Site "https://www.chess.com"]
[Date "2023.11.21"]
[Round "5"]
[White "Sadykov, Ramil"]
[Black "AlmasRakhmatullaev"]
[Result "1-0"]
[Board "40"]
[TimeControl "180+1"]
[WhiteFideId "24113590"]
[WhiteElo "2245"]
[BlackElo "2866"]
[WhiteTeam "FID"]
[WhiteClock "0:00:07"]
[BlackClock "0:00:00"]

1. e4 c5 2. Nf3 e6 3. c4 Nc6 4. Nc3 Nf6 5. Be2 d5 6. exd5 exd5 7. d4 dxc4 8. d5 Nb4 9. Bxc4 Bd6 10. O-O O-O 11. Bg5 h6 12. Bxf6 Qxf6 13. Ne4 Qd8 14. a3 Na6 15. Bxa6 bxa6 16. Rc1 Rb8 17. Qd2 Bg4 18. Qc3 Bxf3 19. Qxf3 Rxb2 20. Nxc5 Ra2 21. Rc3 Re8 22. Nb7 Qe7 23. Nxd6 Qxd6 24. g3 a5 25. Rd1 a4 26. Rc6 Qd7 27. d6 Rae2 28. Rc7 Re1+ 29. Rxe1 Rxe1+ 30. Kg2 Qe6 31. d7 Rd1 32. Qxd1 Qe4+ 33. Qf3 1-0

[Event "November 21 Early 2023"]
[Site "https://www.chess.com"]
[Date "2023.11.21"]
[Round "5"]
[White "Ovetchkin, Roman"]
[Black "Yeletsky, Ivan"]
[Result "0-1"]
[Board "41"]
[TimeControl "180+1"]
[WhiteFideId "4119991"]
[BlackFideId "24180327"]
[WhiteElo "2381"]
[BlackElo "2358"]
[WhiteTeam "RUS"]
[BlackTeam "RUS"]
[WhiteClock "0:00:03"]
[BlackClock "0:00:12"]

1. d4 d5 2. c4 e6 3. Nf3 a6 4. g3 dxc4 5. Bg2 Nc6 6. O-O Nf6 7. Bg5 Be7 8. e3 O-O 9. Nbd2 e5 10. Nxc4 exd4 11. Nxd4 Nxd4 12. Qxd4 h6 13. Bf4 Qxd4 14. exd4 Be6 15. Na5 Nd5 16. Bd2 Rab8 17. Rac1 g5 18. Rfe1 c6 19. a3 Bd6 20. Nc4 Bc7 21. h4 gxh4 22. Bxh6 Rfd8 23. Bg5 hxg3 24. Bxd8 Rxd8 25. Ne5 Nf4 26. fxg3 Nxg2 27. Kxg2 Rxd4 28. Nf3 Rg4 29. Ne5 Rg5 30. Nf3 Bd5 31. Re3 Bf4 32. Re8+ Kg7 33. Rf1 Rxg3+ 34. Kf2 Rxf3+ 0-1

[Event "November 21 Early 2023"]
[Site "https://www.chess.com"]
[Date "2023.11.21"]
[Round "5"]
[White "Rakhmanov, Aleksandr"]
[Black "Trost, Edvin"]
[Result "1-0"]
[Board "42"]
[TimeControl "180+1"]
[WhiteFideId "4173708"]
[BlackFideId "1729519"]
[WhiteElo "2521"]
[BlackElo "2385"]
[WhiteTeam "FID"]
[BlackTeam "SWE"]
[WhiteClock "0:00:05"]
[BlackClock "0:00:01"]

1. d4 Nf6 2. c4 g6 3. Nc3 Bg7 4. e4 d6 5. h3 O-O 6. Be3 Nc6 7. d5 Ne5 8. f4 Ned7 9. Bd3 e5 10. dxe6 fxe6 11. Nge2 b6 12. Qc2 Bb7 13. O-O-O Nc5 14. g4 Nfd7 15. h4 Nxd3+ 16. Qxd3 Nc5 17. Qc2 Qe8 18. h5 a6 19. hxg6 Qxg6 20. f5 Qf7 21. Bh6 Bxh6+ 22. Rxh6 Qg7 23. Rdh1 Rf7 24. b4 Nxe4 25. Nxe4 exf5 26. gxf5 Qa1+ 27. Kd2 Qe5 28. Rg1+ Kh8 29. Ng5 Re7 30. Qd3 Qb2+ 31. Ke1 Rxe2+ 32. Qxe2 Qc1+ 33. Kf2 Qf4+ 34. Nf3 Qxh6 35. Qb2+ Qf6 36. Qxf6# 1-0

[Event "November 21 Early 2023"]
[Site "https://www.chess.com"]
[Date "2023.11.21"]
[Round "5"]
[White "Javakhadze, Zurab"]
[Black "Yen, William"]
[Result "1/2-1/2"]
[Board "43"]
[TimeControl "180+1"]
[WhiteFideId "13603647"]
[BlackFideId "30932025"]
[WhiteElo "2381"]
[BlackElo "1956"]
[WhiteTeam "GEO"]
[BlackTeam "USA"]
[WhiteClock "0:00:06"]
[BlackClock "0:00:51"]

1. Nf3 Nf6 2. g3 g6 3. Bg2 Bg7 4. O-O O-O 5. d4 d5 6. c4 dxc4 7. Na3 a5 8. Nxc4 Be6 9. Qc2 Nc6 10. e3 Bf5 11. Qe2 Nb4 12. Ne1 Be4 13. f3 Bc6 14. a3 Nbd5 15. Ne5 Ba4 16. e4 Nb6 17. Be3 Qe8 18. N1d3 Bb5 19. Qc2 Nfd7 20. Rfd1 c5 21. Nxd7 Nxd7 22. dxc5 Rc8 23. Rac1 b6 24. b4 axb4 25. axb4 bxc5 26. bxc5 Nb8 27. Qa2 Nc6 28. Nf4 e6 29. Bf1 Bxf1 30. Kxf1 Ra8 31. Qc4 Qc8 32. Nd3 Rd8 33. Nf2 h5 34. Kg2 h4 35. Bg5 Rxd1 36. Rxd1 hxg3 37. hxg3 Ne5 38. Qc2 Qc6 39. Rd6 Qc7 40. f4 Nd7 41. Ng4 Nxc5 42. e5 Qb7+ 43. Kh2 Ne4 44. Rd8+ Rxd8 45. Bxd8 Qd5 46. Bf6 Qd2+ 47. Qxd2 Nxd2 48. Bxg7 Kxg7 49. Kg2 Nb3 50. Kf3 Nc5 51. Nf6 g5 52. fxg5 Kg6 53. Kf4 Nd3+ 54. Ke4 Nc5+ 55. Kf4 Nd3+ 56. Ke4 Nc5+ 57. Kf4 1/2-1/2

[Event "November 21 Early 2023"]
[Site "https://www.chess.com"]
[Date "2023.11.21"]
[Round "5"]
[White "Volkov, Maksim"]
[Black "BardArtem"]
[Result "1/2-1/2"]
[Board "44"]
[TimeControl "180+1"]
[WhiteFideId "54123070"]
[WhiteElo "2293"]
[BlackElo "2854"]
[WhiteTeam "RUS"]
[WhiteClock "0:00:10"]
[BlackClock "0:00:04"]

1. d4 d5 2. c4 c6 3. Nf3 Nf6 4. g3 Bf5 5. Nc3 e6 6. Nh4 Be4 7. f3 Bg6 8. Qb3 Qb6 9. c5 Qxb3 10. axb3 a6 11. b4 Nbd7 12. Bf4 Rc8 13. g4 Be7 14. e3 Bd8 15. Be2 O-O 16. Nxg6 hxg6 17. Bg3 Bc7 18. Kf2 e5 19. Rhe1 Rfe8 20. Bf1 g5 21. h3 e4 22. Bxc7 Rxc7 23. Bg2 exf3 24. Bxf3 Kf8 25. Re2 g6 26. Rae1 Rcc8 27. e4 dxe4 28. Bxe4 Re7 29. d5 cxd5 30. Bxd5 Rxe2+ 31. Rxe2 Nxd5 32. Nxd5 a5 33. Ne7 Re8 34. c6 Rxe7 35. cxd7 Rxd7 36. bxa5 Rd4 37. Re5 Rb4 38. Rxg5 Rxb2+ 39. Kg3 Rb3+ 40. Kg2 Ke7 41. Re5+ Kf6 42. Rc5 Ke6 43. Rc7 f5 44. gxf5+ gxf5 45. a6 bxa6 46. Rc6+ Ke5 47. Rxa6 Kf4 48. Ra4+ Kg5 49. Ra5 Re3 50. Rb5 Rd3 51. Ra5 Rb3 52. Rc5 Ra3 53. Rb5 Kf4 54. Rb4+ Ke3 55. Kg3 Ra1 56. Rb3+ Ke4 57. Rb4+ Ke5 58. Rb5+ Kf6 59. Kh4 Ra4+ 60. Kg3 Kg5 61. Rc5 Ra3+ 62. Kg2 Re3 63. Rb5 Kf4 64. Rb4+ Ke5 65. Rb5+ Ke4 66. Rb4+ Ke5 67. Rb5+ Kf6 68. Ra5 Re4 69. Rb5 Kg5 70. Kg3 Ra4 71. Kf3 Ra3+ 72. Kg2 Re3 73. Ra5 Kf4 74. Ra4+ Re4 75. Rxe4+ fxe4 76. Kf2 Kg5 77. Ke3 Kh4 78. Kxe4 Kxh3 1/2-1/2

[Event "November 21 Early 2023"]
[Site "https://www.chess.com"]
[Date "2023.11.21"]
[Round "5"]
[White "Szpar, Milosz"]
[Black "Piesik, Piotr"]
[Result "1/2-1/2"]
[Board "45"]
[TimeControl "180+1"]
[WhiteFideId "1184989"]
[BlackFideId "1136194"]
[WhiteElo "2446"]
[BlackElo "2309"]
[WhiteTeam "POL"]
[BlackTeam "CZE"]
[WhiteClock "0:00:13"]
[BlackClock "0:00:13"]

1. e4 e6 2. d4 d5 3. Nc3 Bb4 4. Ne2 dxe4 5. a3 Be7 6. Nxe4 Nf6 7. Nxf6+ Bxf6 8. Be3 c5 9. Qd2 Qb6 10. c3 c4 11. Nf4 Qc7 12. Qe2 b5 13. a4 b4 14. Qxc4 Qxc4 15. Bxc4 bxc3 16. bxc3 Bb7 17. Bb5+ Ke7 18. O-O Rc8 19. Rfc1 Nc6 20. a5 a6 21. Bf1 Kd7 22. Rcb1 Rab8 23. Rxb7+ Rxb7 24. Bxa6 Rb3 25. Bxc8+ Kxc8 26. a6 Kb8 27. Ne2 Bd8 28. c4 Nb4 29. a7+ Ka8 30. d5 exd5 31. cxd5 Nxd5 32. Rd1 Bb6 33. Bxb6 Nxb6 34. Ra1 Rd3 35. Kf1 Rd7 36. g3 Rxa7 37. Rb1 Kb7 38. Kg2 Ra2 39. Nd4 Kc7 40. Nb5+ Kd7 41. Nc3 Rc2 42. Ne4 Nc4 43. Rb7+ Ke6 44. Ng5+ Kf6 45. Nxh7+ Kg6 46. Nf8+ Kf6 47. Nd7+ Ke6 48. Nc5+ Kd5 49. Nd3 Nd6 50. Rd7 Ke6 51. Rd8 Rd2 52. Nf4+ Kf5 53. Rd7 Kf6 54. h4 Ne4 55. Rxd2 Nxd2 56. Nh5+ Kg6 57. Nf4+ Kf5 58. Nh3 Ne4 59. Ng1 g5 60. h5 g4 61. Ne2 Nf6 62. Nf4 Kg5 63. Kf1 Nxh5 64. Nxh5 Kxh5 65. Ke2 Kg5 66. Ke3 f5 67. Kd4 f4 68. Ke5 fxg3 69. fxg3 Kg6 70. Kf4 Kf6 71. Kxg4 Kg6 72. Kf4 Kf6 73. g4 Kg6 74. g5 Kg7 75. Kg4 Kg6 76. Kf4 Kg7 77. Kf5 Kf7 78. g6+ Kg7 79. Kg5 Kg8 80. Kf6 Kf8 81. g7+ Kg8 82. Kg6 1/2-1/2

[Event "November 21 Early 2023"]
[Site "https://www.chess.com"]
[Date "2023.11.21"]
[Round "5"]
[White "Nagare Kaivalya Sandip"]
[Black "Visakh N R"]
[Result "0-1"]
[Board "46"]
[TimeControl "180+1"]
[WhiteFideId "25957929"]
[BlackFideId "25012223"]
[WhiteElo "2024"]
[BlackElo "2474"]
[WhiteTeam "IND"]
[BlackTeam "IND"]
[WhiteClock "0:00:12"]
[BlackClock "0:00:13"]

1. e4 c5 2. Nf3 d6 3. d4 cxd4 4. Nxd4 Nf6 5. Nc3 a6 6. Bg5 Nbd7 7. Bc4 e6 8. Qe2 h6 9. Bh4 b5 10. Bb3 Nc5 11. O-O-O Qc7 12. Rhe1 Be7 13. Nf5 exf5 14. exf5 Nxb3+ 15. axb3 Bb7 16. Rd3 Kd8 17. Re3 Re8 18. g4 Bc6 19. f4 b4 20. g5 bxc3 21. gxf6 cxb2+ 22. Kxb2 gxf6 23. Rxe7 Qxe7 24. Qxe7+ Rxe7 25. Bxf6 Ra7 26. Re3 Ke8 27. Bxe7 Rxe7 28. Rh3 Re2 29. Rxh6 Ke7 30. Kc3 Be4 31. f6+ Ke6 32. Rh8 Kxf6 33. h4 Rxc2+ 34. Kd4 d5 35. Ra8 Rd2+ 36. Kc5 Ra2 37. b4 Rc2+ 38. Kd6 d4 39. Rxa6 Rc6+ 40. Rxc6 Bxc6 41. Kxc6 d3 42. b5 d2 43. b6 d1=Q 44. b7 Qd8 45. h5 Qb8 46. Kb6 Kg7 47. f5 Kh6 48. Kc6 f6 49. Kd7 Kg5 50. Kc6 Kxf5 51. h6 Kg6 0-1

[Event "November 21 Early 2023"]
[Site "https://www.chess.com"]
[Date "2023.11.21"]
[Round "5"]
[White "Dragun, Kamil"]
[Black "Ahmad, Khagan"]
[Result "1-0"]
[Board "47"]
[TimeControl "180+1"]
[WhiteFideId "1134167"]
[BlackFideId "13431552"]
[WhiteElo "2551"]
[BlackElo "2160"]
[WhiteTeam "POL"]
[BlackTeam "AZE"]
[WhiteClock "0:00:33"]
[BlackClock "0:00:00"]

1. d4 Nf6 2. c4 e6 3. Nf3 d5 4. Nc3 Bb4 5. cxd5 exd5 6. Bg5 O-O 7. e3 h6 8. Bh4 c6 9. Bd3 Qa5 10. Bxf6 Bxc3+ 11. bxc3 Qxc3+ 12. Ke2 gxf6 13. Rc1 Qa3 14. Bb1 Qb2+ 15. Kf1 Bg4 16. h3 Bh5 17. g4 Bg6 18. Kg2 Nd7 19. Nh4 Kg7 20. Bxg6 fxg6 21. Rb1 Qxa2 22. Rxb7 Rf7 23. Qd3 Nf8 24. Rhb1 Re8 25. Rxf7+ Kxf7 26. Rb7+ Re7 27. Rxe7+ Kxe7 28. Nxg6+ Nxg6 29. Qxg6 a5 30. Qxh6 a4 31. Qg7+ Ke8 32. Qxf6 a3 33. g5 Qc2 34. g6 a2 35. Qf7+ Kd8 36. g7 Qe4+ 37. Kg3 1-0

[Event "November 21 Early 2023"]
[Site "https://www.chess.com"]
[Date "2023.11.21"]
[Round "5"]
[White "Degenbaev, Aziz"]
[Black "Pakleza, Zbigniew"]
[Result "0-1"]
[Board "48"]
[TimeControl "180+1"]
[WhiteFideId "13802640"]
[BlackFideId "1119290"]
[WhiteElo "2083"]
[BlackElo "2410"]
[WhiteTeam "KGZ"]
[BlackTeam "POL"]
[WhiteClock "0:00:10"]
[BlackClock "0:00:09"]

1. d4 d6 2. e4 Nf6 3. Nc3 c6 4. Nf3 Bg4 5. Be2 e6 6. h3 Bh5 7. O-O d5 8. Ne5 Bxe2 9. Qxe2 Be7 10. Rd1 O-O 11. Bf4 Qb6 12. b3 Rd8 13. exd5 cxd5 14. Na4 Qa6 15. Qf3 Nc6 16. Nxc6 Qxc6 17. c4 Ne4 18. c5 b6 19. Rac1 bxc5 20. Nxc5 Nxc5 21. dxc5 a5 22. a3 Rdc8 23. b4 Ra7 24. Qd3 axb4 25. axb4 Rb7 26. Rb1 Qb5 27. Qg3 Bf8 28. Bd6 h6 29. Bxf8 Rxf8 30. Qd6 Rc8 31. Qe5 Qa4 32. Rd4 Qc2 33. Rbd1 Qc3 34. Qe1 Qxe1+ 35. Rxe1 Kf8 36. Ra1 Ke7 37. Ra6 Kd7 38. Rd6+ Kc7 39. Rf4 Rf8 40. Rxe6 fxe6 41. Rxf8 Rxb4 42. Rf7+ Kc6 43. Rxg7 d4 44. Rg6 Rb1+ 45. Kh2 Kd5 46. c6 d3 47. c7 Rc1 48. Rxh6 Rxc7 49. Rh8 Rd7 50. Ra8 d2 51. Ra1 Kc4 52. Kg3 d1=Q 53. Rxd1 Rxd1 54. Kf4 Kd5 55. g4 Rd4+ 56. Kg5 e5 57. h4 Rf4 58. h5 Rxf2 59. h6 e4 60. h7 Rh2 61. Kg6 e3 62. g5 e2 63. Kg7 e1=Q 64. g6 Qe5+ 65. Kg8 Qe8+ 66. Kg7 Rh4 67. Kf6 Qf8+ 68. Kg5 Qh6+ 69. Kf6 Rf4+ 70. Ke7 Qg7+ 71. Kd8 Rf8# 0-1

[Event "November 21 Early 2023"]
[Site "https://www.chess.com"]
[Date "2023.11.21"]
[Round "5"]
[White "Arhan_Anand"]
[Black "Concio, Michael Jr."]
[Result "1-0"]
[Board "49"]
[TimeControl "180+1"]
[BlackFideId "5217873"]
[WhiteElo "2645"]
[BlackElo "2300"]
[BlackTeam "PHI"]
[WhiteClock "0:01:14"]
[BlackClock "0:00:00"]

1. d4 e6 2. c4 f5 3. Nc3 Nf6 4. Nf3 d5 5. Bf4 c6 6. e3 Bb4 7. a3 Bxc3+ 8. bxc3 Ne4 9. Qb3 Qa5 10. Rc1 b6 11. cxd5 exd5 12. Bd3 Ba6 13. Bxa6 Nxa6 14. O-O O-O 15. c4 Rad8 16. Rfd1 h6 17. Ne5 Nd2 18. Qc2 Nxc4 19. Nxc6 Qb5 20. Ne7+ Kh7 21. Nxf5 Nxa3 22. Nd6+ Nxc2 23. Nxb5 Nab4 24. Nxa7 Ra8 25. Nc6 Nxc6 26. Rxc2 Nxd4 27. exd4 Rxf4 28. g3 Rf6 29. Rb2 Ra4 30. Rb5 Ra2 31. Rf1 Rd6 32. Rfb1 Rf6 33. R1b2 Rxb2 34. Rxb2 Kg8 35. Rb5 Rd6 36. Kf1 1-0

[Event "November 21 Early 2023"]
[Site "https://www.chess.com"]
[Date "2023.11.21"]
[Round "5"]
[White "Bordi, Kevin"]
[Black "Al-Tarboush, Ward"]
[Result "0-1"]
[Board "50"]
[TimeControl "180+1"]
[WhiteFideId "621862"]
[BlackFideId "7601450"]
[WhiteElo "2829"]
[BlackElo "2280"]
[WhiteTeam "MNC"]
[BlackTeam "NOR"]
[WhiteClock "0:00:28"]
[BlackClock "0:00:46"]

1. d4 Nf6 2. Bg5 e6 3. e4 h6 4. Bxf6 Qxf6 5. c3 d6 6. Bd3 Be7 7. Ne2 e5 8. Na3 O-O 9. O-O Nc6 10. d5 Nb8 11. Nc4 Nd7 12. Ne3 Nc5 13. Ng3 Nxd3 14. Qxd3 g6 15. c4 a5 16. b3 Qg7 17. a3 Bd7 18. b4 b6 19. Rfc1 f5 20. exf5 Qf7 21. fxg6 Qxf2+ 22. Kh1 Bg5 23. Re1 axb4 24. Ne4 Qf4 25. Nxg5 Qxg5 26. axb4 Rxa1 27. Rxa1 Rf2 28. Rf1 Qxe3 29. Qxe3 Rxf1+ 30. Qg1 Rxg1+ 31. Kxg1 Kg7 32. Kf2 0-1

[Event "November 21 Early 2023"]
[Site "https://www.chess.com"]
[Date "2023.11.21"]
[Round "5"]
[White "Urazayev, Arystanbek"]
[Black "Hilary46"]
[Result "0-1"]
[Board "51"]
[TimeControl "180+1"]
[WhiteFideId "13709810"]
[WhiteElo "2405"]
[BlackElo "2615"]
[WhiteTeam "KAZ"]
[WhiteClock "0:02:17"]
[BlackClock "0:00:44"]

1. e4 e5 2. Nf3 Nc6 3. Bb5 a6 4. Ba4 Nf6 5. d3 b5 6. Bb3 d6 7. Nc3 Na5 8. Bg5 Nxb3 9. axb3 Bb7 10. O-O Be7 11. Re1 O-O 12. Bxf6 Bxf6 13. Nd5 Re8 14. c4 c6 15. Ne3 g6 16. h4 Bxh4 17. Nxh4 Qxh4 18. g3 Qe7 19. Kg2 Kg7 20. Rh1 d5 21. Qg4 Bc8 22. Qf3 d4 23. Nf1 h5 24. Nd2 Bg4 0-1

[Event "November 21 Early 2023"]
[Site "https://www.chess.com"]
[Date "2023.11.21"]
[Round "5"]
[White "Predator0608"]
[Black "Maksimovic, Bojan"]
[Result "0-1"]
[Board "52"]
[TimeControl "180+1"]
[BlackFideId "14408120"]
[WhiteElo "2598"]
[BlackElo "2546"]
[BlackTeam "BIH"]
[WhiteClock "0:01:13"]
[BlackClock "0:02:01"]

1. e4 a6 2. d4 e6 3. Nf3 d5 4. Nbd2 c5 5. exd5 exd5 6. dxc5 Bxc5 7. Nb3 Ba7 8. Bd3 Nf6 9. O-O O-O 10. Bg5 Nc6 11. c3 Bg4 12. h3 Bh5 13. Qc2 Bxf3 14. Bxh7+ Kh8 15. gxf3 Qd6 16. Bd3 Qg3+ 17. Kh1 Qxh3+ 18. Kg1 Qg3+ 19. Kh1 Qxf3+ 20. Kg1 Qg4+ 21. Kh1 Qh5+ 22. Kg2 Qxg5+ 23. Kh1 Qh4+ 24. Kg2 Qg4+ 25. Kh1 Qh3+ 26. Kg1 Ng4 0-1

[Event "November 21 Early 2023"]
[Site "https://www.chess.com"]
[Date "2023.11.21"]
[Round "5"]
[White "Thorfinnsson, Bjorn"]
[Black "Raja Rithvik R"]
[Result "0-1"]
[Board "53"]
[TimeControl "180+1"]
[WhiteFideId "2300982"]
[BlackFideId "35007394"]
[WhiteElo "2381"]
[BlackElo "2395"]
[WhiteTeam "ISL"]
[BlackTeam "IND"]
[WhiteClock "0:00:03"]
[BlackClock "0:00:13"]

1. d4 Nf6 2. Nf3 d5 3. Bg5 Ne4 4. e3 Nxg5 5. Nxg5 e5 6. Nf3 e4 7. Nfd2 Be6 8. c4 c6 9. Nc3 Nd7 10. cxd5 cxd5 11. Bb5 Be7 12. O-O O-O 13. Rc1 Nf6 14. Be2 a6 15. Na4 Nd7 16. Nc5 Nxc5 17. dxc5 d4 18. Nxe4 dxe3 19. fxe3 Qc7 20. a3 Rad8 21. Qc2 Qe5 22. Bf3 f5 23. Nf2 Rd7 24. b4 Rfd8 25. Rcd1 Bg5 26. Rxd7 Rxd7 27. c6 bxc6 28. Qxc6 Bxe3 29. Qxa6 Rd2 30. Qa8+ Kf7 31. Qb7+ Kf6 32. Qa8 Qd6 33. Bh5 Kg5 34. Qf3 Qd4 35. Be8 Rxf2 36. Qg3+ Kf6 0-1

[Event "November 21 Early 2023"]
[Site "https://www.chess.com"]
[Date "2023.11.21"]
[Round "5"]
[White "luckyswitchback"]
[Black "Grunberg, Mihai-Lucian"]
[Result "1-0"]
[Board "54"]
[TimeControl "180+1"]
[BlackFideId "1204149"]
[WhiteElo "2811"]
[BlackElo "2363"]
[BlackTeam "ROU"]
[WhiteClock "0:00:10"]
[BlackClock "0:00:43"]

1. e4 Nf6 2. e5 Nd5 3. c4 Nb6 4. d4 d6 5. exd6 cxd6 6. Nc3 g6 7. h3 Bg7 8. Nf3 O-O 9. Be2 Nc6 10. O-O e5 11. Be3 Bf5 12. dxe5 dxe5 13. c5 Nd7 14. Qa4 h6 15. Rfd1 Be6 16. Rd6 Qe7 17. Rad1 Rfd8 18. Nd5 Bxd5 19. R1xd5 e4 20. Nd2 Nf6 21. Rxd8+ Rxd8 22. Rxd8+ Qxd8 23. Nxe4 Nxe4 24. Qxe4 Bxb2 25. Bxh6 Bd4 26. Be3 Bxe3 27. Qxe3 Qd5 28. Bf3 Qxa2 29. Bxc6 Qa1+ 30. Kh2 bxc6 31. Qe8+ Kg7 32. Qxc6 Qe5+ 33. g3 Qd4 34. Kg2 a5 35. Qb5 Qd5+ 36. Kh2 Qd4 37. Kg1 Qd1+ 38. Kg2 Qd5+ 39. Kh2 Qd4 40. Kg1 Qd1+ 41. Qf1 Qc2 42. Qa1+ Kg8 43. Qxa5 Qb1+ 44. Kh2 Qf1 45. Qd8+ Kh7 46. Qd4 Qc1 47. h4 Qc2 48. Kg2 f5 49. Qd7+ Kh6 50. Qd5 Kh5 51. c6 Kh6 52. Qf3 Qc5 53. Qe3+ 1-0

[Event "November 21 Early 2023"]
[Site "https://www.chess.com"]
[Date "2023.11.21"]
[Round "5"]
[White "Molina, Roberto Junio Brito"]
[Black "Deng, Henry"]
[Result "1-0"]
[Board "55"]
[TimeControl "180+1"]
[WhiteFideId "2109450"]
[BlackFideId "30965454"]
[WhiteElo "2389"]
[BlackElo "2554"]
[WhiteTeam "BRA"]
[BlackTeam "USA"]
[WhiteClock "0:00:41"]
[BlackClock "0:00:00"]

1. d4 d5 2. Nf3 Nf6 3. e3 c6 4. Be2 g6 5. O-O Bg7 6. c4 O-O 7. b3 Bg4 8. Bb2 Nbd7 9. Nbd2 Re8 10. h3 Bxf3 11. Nxf3 Ne4 12. Qc2 Rc8 13. Rac1 e6 14. Rfd1 Qe7 15. Bd3 Ndf6 16. Ne5 Red8 17. f3 Nd6 18. c5 Nde8 19. b4 Nd7 20. f4 f6 21. Nxd7 Rxd7 22. b5 e5 23. bxc6 bxc6 24. Bc3 exd4 25. exd4 f5 26. Re1 Qh4 27. Qf2 Qxf2+ 28. Kxf2 Nf6 29. Rb1 Ne4+ 30. Bxe4 dxe4 31. Ke3 Kf7 32. Rb4 Bh6 33. h4 Bg7 34. Reb1 Ke7 35. g4 fxg4 36. Kxe4 h5 37. Rb7 Kd8 38. f5 gxf5+ 39. Kxf5 Rxb7 40. Rxb7 Bf8 41. Ke6 Ke8 42. Be1 Rd8 43. Bg3 Rxd4 44. Be5 Rd5 45. Bd6 Bxd6 46. cxd6 1-0

[Event "November 21 Early 2023"]
[Site "https://www.chess.com"]
[Date "2023.11.21"]
[Round "5"]
[White "Pendos666"]
[Black "Shubenkova, Veronika"]
[Result "1-0"]
[Board "56"]
[TimeControl "180+1"]
[BlackFideId "44124040"]
[WhiteElo "2809"]
[BlackElo "1967"]
[BlackTeam "RUS"]
[WhiteClock "0:00:18"]
[BlackClock "0:00:00"]

1. e4 c6 2. d4 d5 3. e5 Bf5 4. Nc3 e6 5. g4 Bg6 6. Nge2 c5 7. h4 h6 8. Be3 Nd7 9. f4 cxd4 10. Nxd4 Be7 11. f5 Bxh4+ 12. Kd2 exf5 13. gxf5 Bh7 14. e6 Ne5 15. exf7+ Nxf7 16. Bb5+ Ke7 17. Ne6 Qa5 18. Bc5+ Nd6 19. b4 Qa3 20. Nxd5+ Kf7 21. Qh5+ g6 22. fxg6+ Bxg6 23. Raf1+ Bf6 24. Qh4 Ne4+ 25. Kd1 Nc3+ 26. Nxc3 Qxc3 27. Nd4 Rd8 28. Rf4 Bxc2+ 29. Ke2 Bg6 30. Rhf1 Qb2+ 31. Ke1 Qc1+ 32. Kf2 Qd2+ 33. Kg1 Qe3+ 34. R1f2 Kg7 35. Rxf6 Qe1+ 36. Kg2 Be4+ 37. Nf3 Bxf3+ 38. R6xf3 1-0